 Dungeon Crawl Stone Soup version 0.20.1-1-g8b1a95d (webtiles) character file.

43 PrincessLeslie the Caller (level 3, -7/14 HPs)
             Began as a Felid Summoner on Aug 18, 2017.
             Killed from afar by Sigmund (14 damage)
             ... with a puff of flame
             ... on level 2 of the Dungeon on Aug 19, 2017.
             The game lasted 00:17:48 (1534 turns).

PrincessLeslie the Caller (Felid Summoner)          Turns: 1534, Time: 00:17:49

Health: -7/14      AC:  1    Str:  4    XL:     3   Next: 37%
Magic:  8/8        EV: 18    Int: 17    God:
Gold:   71         SH:  0    Dex: 16    Spells: 1/7 levels left
                                        Lives:  0   Deaths: 0

rFire    . . .     SeeInvis +   (weapon unavailable)
rCold    . . .     Gourm    .   (shield unavailable)
rNeg     . . .     Faith    .   (armour unavailable)
rPois    .         Spirit   .   (helmet unavailable)
rElec    .         Reflect  .   (cloak unavailable)
rCorr    .         Harm     .   (gloves unavailable)
MR       .....                  (boots unavailable)
Stlth    +++.......             (no amulet)
Regen    0.1/turn               (no ring)
MPRegen  0.2/turn               (no ring)

@: quick
A: no armour, no weapons or thrown items, stealth, claws 1, fangs 3, see
invisible, carnivore 3, speed 1, shaggy fur 1, slow metabolism 1, sharp paws
a: no special abilities


You were on level 2 of the Dungeon.
You were full.

You visited 1 branch of the dungeon, and saw 2 of its levels.

You collected 71 gold pieces.

Inventory:

Hand Weapons
 c - a +0 spear
 i - a +0 dagger
 j - a +0 club
 m - a +0 dagger
 o - a +0 mace
 p - a +4 quarterstaff of chaos
Armour
 q - a +1 cloak
Scrolls
 d - a scroll of remove curse {unknown}
 f - a scroll of immolation {unknown}
 h - 2 scrolls of recharging {unknown}
 k - a scroll of blinking {unknown}
 n - a scroll of identify {unknown}
Potions
 e - a potion of curing {unknown}
 g - a potion of agility {unknown}
 l - a potion of cancellation {unknown}
Books
 a - a book of Callings

   Spells                             Type                      Level
   a - Summon Small Mammal            Summoning                    1
   b - Call Imp                       Summoning                    2
   c - Call Canine Familiar           Summoning                    3
   d - Summon Guardian Golem          Hexes/Summoning              3
   e - Summon Lightning Spire         Summoning/Air                4
   f - Summon Ice Beast               Ice/Summoning                4
Comestibles
 b - a bread ration


   Skills:
 + Level 2.6 Dodging
 + Level 2.8 Stealth
 + Level 2.7 Spellcasting
 + Level 4.6 Summonings


You had one spell level left.
You knew the following spells:

 Your Spells              Type           Power        Failure   Level  Hunger
a - Summon Small Mammal   Summ           ###.         2%          1    #......
b - Call Imp              Summ           ###.....     4%          2    ##.....
c - Summon Guardian Gole  Hex/Summ       ##......     21%         3    ###....


Dungeon Overview and Level Annotations

Branches:
Dungeon (2/15)

Altars:

Annotations:
D:2 Sigmund


Innate Abilities, Weirdness & Mutations

You cannot wear armour.
You are incapable of wielding weapons or throwing items.
Your paws allow you to move quietly. (Stealth)
You have sharp claws.
You have razor-sharp teeth.
You have supernaturally acute eyesight. (SInv)
You are carnivorous and can eat meat at any time.
You cover ground quickly.
You are covered in fur. (AC +1)
You have a slow metabolism.
Your sharp claws are effective at attacking unaware monsters.


Message History

* * * LOW HITPOINT WARNING * * *
Unknown command.
You swap places.
Sigmund hits your guardian golem with a scythe.
Things that are here:
a whip; a kobold corpse Sigmund hits your guardian golem with a scythe!
Things that are here:
a whip; a kobold corpse Your white imp disappears in a puff of smoke!
You see here a worm corpse.
You see here a bread ration.
b - a bread ration You see here a worm corpse.
Things that are here:
a whip; a kobold corpse Sigmund gestures at you while chanting.
The puff of flame hits you!
Ouch! That really hurt!
You die...

# ♣♣♣♣♣######>......# #
#####♣♣♣.♣...#.....).....#
#
#...#♣5.♣..........#####.#
# #...'5♣♣♣♣.5.......# #.#
# #...#♣♣ ♣♣..#...@.# #.#
# ##### ♣♣##†....# .# #
#.....# .. # #.....# ##
### #######@....# ..#
#........#### ..#
######........# ..#
#....#........# ..#
#.##.#.#.###### ..#
#.##.#.#.# ..# #.##.#.#.#
### #.##.#.#.# #.##.#.#.#


You could see Sigmund.

Vanquished Creatures
  A bat (D:1)
1 creature vanquished.

Vanquished Creatures (collateral kills)
  Crazy Yiuf (D:2)
  2 adders (D:2)
  2 worms (D:2)
  A leopard gecko (D:1)
  A giant cockroach (D:2)
  A goblin (D:2)
  4 hobgoblins
  6 kobolds
  A quokka (D:2)
  2 bats
  3 rats
24 creatures vanquished.

Grand Total: 25 creatures vanquished

Notes
Turn   | Place    | Note
-------+----------+-------------------------------------------
     0 | D:1      | PrincessLeslie the Felid Summoner began the quest for the Orb.
     0 | D:1      | Reached XP level 1. HP: 7/7 MP: 4/4
   485 | D:2      | Reached XP level 2. HP: 11/11 MP: 1/6
   496 | D:2      | Learned a level 2 spell: Call Imp
  1172 | D:2      | Found a runed door.
  1176 | D:2      | Noticed Crazy Yiuf
  1286 | D:2      | Killed Crazy Yiuf
  1286 | D:2      | Reached XP level 3. HP: 12/14 MP: 1/8
  1414 | D:2      | Noticed Sigmund
  1426 | D:2      | Learned a level 3 spell: Summon Guardian Golem
  1534 | D:2      | Killed from afar by Sigmund

Action                   || total
-------------------------++-------
Melee: Unarmed           ||     4
 Cast: Summon Small Mamm ||    27
       Call Imp          ||    20
       Summon Guardian G ||     1
  Eat: Meat ration       ||     1
Armor: Skin              ||     3
Dodge: Dodged            ||    12
